 Dungeon Crawl Stone Soup version 0.28-a0-1199-gef9e1dbd39 (webtiles) character file.

Game seed: 16074255089021779094

8 croobank the Sneak (level 2, -1/14 HPs)
             Began as a Felid Delver on Dec 19, 2021.
             Slain by a hobgoblin (3 damage)
             ... on level 1 of the Dungeon.
             The game lasted 00:03:15 (295 turns).

croobank the Sneak (Felid Delver)                    Turns: 295, Time: 00:03:16

Health: -1/14      AC:  1    Str:  8    XL:     2   Next: 0%
Magic:  3/3        EV: 18    Int: 11    God:
Gold:   2          SH:  0    Dex: 17    Spells: 1/1 levels left
                                        Lives:  0   Deaths: 0

rFire   . . .      SeeInvis +     - Unarmed
rCold   . . .      Faith    .   (shield unavailable)
rNeg    . . .      Spirit   .   (armour unavailable)
rPois   .          Reflect  .   (helmet unavailable)
rElec   .          Harm     .   (cloak unavailable)
rCorr   .          Rampage  .   (gloves unavailable)
Will    .....                   (boots unavailable)
Stlth   ++++......              (no amulet)
HPRegen 0.04/turn               (no ring)
MPRegen 0.08/turn               (no ring)

@: hasted, very quick
A: very small, claws 1, fangs 3, see invisible, speed 1, shaggy fur 1, stealthy
paws, no weapons or thrown items, no armour, multi-lived
a: no special abilities


You were on level 1 of the Dungeon.
You visited 1 branch of the dungeon, and saw 5 of its levels.

You collected 2 gold pieces.

Inventory:

Wands
 e - a wand of digging (3)
Scrolls
 a - a scroll of fog
 f - a scroll of identify {unknown}


   Skills:
 + Level 3.1 Fighting
 + Level 3.0 Dodging
 + Level 6.7 Stealth
 + Level 2.2 Unarmed Combat


You had one spell level left.
You didn't know any spells.
Your spell library was empty.

Dungeon Overview and Level Annotations

Branches:
Dungeon (5/15)             Temple (0/1) D:4

Altars:

Annotations:
D:3 Robin


Innate Abilities, Weirdness & Mutations

You have sharp claws.
You have razor-sharp teeth.
You have supernaturally acute eyesight. (SInv)
You cover ground quickly. (Speed+)
You are covered in fur. (AC +1)
Your paws help you pounce on unaware monsters.
You are incapable of wielding weapons or throwing items.
You cannot wear armour.
You gain extra lives every three experience levels.


Message History

You scratch the rat.
You kill the rat!
You start resting.
A rat is nearby!
You start resting.
A rat is nearby!
Things that are here:
a rat corpse; a hobgoblin corpse
Found 9 gold pieces.
You scratch the rat.
You kill the rat!
A rat comes into view.
A quokka and a hobgoblin come into view.
Found 6 gold pieces.
Found a stone staircase leading down.
The hobgoblin shouts!
You miss the quokka. The quokka bites you.
An endoplasm comes into view.
The endoplasm quivers.
You scratch the quokka.
The quokka is almost dead.
The quokka closely misses you. The rat completely misses you.
You barely miss the quokka. Your bite misses the quokka.
The quokka is almost dead.
The quokka bites you. The rat barely misses you. The quokka bites you.
A hobgoblin comes into view.
You barely miss the quokka. You bite the quokka.
You kill the quokka!
The rat closely misses you.
Your Dodging skill increases to level 3!
You have reached level 2!
Found a twisted runed staff.
Found a mace.
You see here a staff of air.
You scratch the hobgoblin but do no damage.
You scratch the hobgoblin.
The hobgoblin is lightly wounded.
The hobgoblin hits you.
* * * LOW HITPOINT WARNING * * *
You feel yourself speed up. The hobgoblin hits you.
You die...

#....|....#
#.....
#......J..#
#.....
#.........#
#.....
#.........#
#.>...
#######J..#
#.....
#....#.#
#.....
###r###..#
#.Jg#....#
#.##@.#....
#....##.....
#..###
....## #..#
....# #.##
###


You could see an endoplasm, a hobgoblin and a rat.

Vanquished Creatures
  An endoplasm (D:1)
  A goblin (D:4)
  2 hobgoblins (D:1)
  A quokka (D:1)
  2 rats (D:1)
7 creatures vanquished.

Notes
Turn   | Place    | Note
-------+----------+-------------------------------------------
     0 | D:5      | croobank the Felid Delver began the quest for the Orb.
     0 | D:5      | Reached XP level 1. HP: 10/10 MP: 2/2
    22 | D:4      | Noticed an orc wizard
    47 | D:3      | Noticed Robin
   266 | D:1      | Reached XP level 2. HP: 5/14 MP: 3/3
   295 | D:1      | Slain by a hobgoblin

Illustrated notes

Levels and vault maps discovered:
D:1:      evilmike_arrival_crescent, layout_rooms,
          hellmonk_ecumenical_altar_prayer_group, chequers_jeans
D:2:      minmay_roachtagon, layout_rooms
D:3:      layout_basic, overflow_temple_1_default, uniq_robin
D:4:      layout_basic, minmay_temple_entry_drinking_statues
D:5:      layout_basic, grunt_temple_overflow_diamond, uniq_blork_the_orc,
          uniq_ijyb

Skill      XL: |  1 |
---------------+----+-----
Dodging        | 3 |  3.0
Fighting       | |  3.1
Stealth        | |  6.7
Unarmed Combat | |  2.2

Action                   || total
-------------------------++-------
Melee: Unarmed           ||    24
       Bite              ||     2
  Use: Scroll            ||     2
       Potion            ||     1
 Stab: Distracted        ||     1
       Sleeping          ||     1
Dodge: Dodged            ||    24

Table legend: (Time is in decaauts)
 A = Elapsed time spent in this place.
 B = Non-inter-level travel time spent in this place.
 C = Inter-level travel time spent in this place.
 D = Time resting spent in this place.
 E = Time spent auto-exploring this place.
 F = Levels seen in this place.
 G = Mean time per level.
                   A        B        C        D        E       F      G
               +--------+--------+--------+--------+--------+-----+--------+
         Total |    263 |    263 |      0 |     53 |     74 |   5 |   52.6 |
       Dungeon |    263 |    263 |      0 |     53 |     74 |   5 |   52.6 |
               +--------+--------+--------+--------+--------+-----+--------+

Top non-repeatable levels by time:
     D:1: 196 daAuts
     D:3: 26 daAuts
     D:4: 23 daAuts
     D:5: 14 daAuts
     D:2: 2 daAuts
